 Dungeon Crawl Stone Soup version 0.30.0-20-g3b4254fcbd (webtiles) character file.

Game seed: 8271365961864274847

7322 Irreverend the Grappler (level 10, -5/100 (102) HPs)
             Began as a Troll Fighter on June 3, 2023.
             Was a Follower of Wu Jian.
             Slain by a wyvern (8 damage)
             ... on level 10 of the Dungeon.
             The game lasted 00:10:56 (7484 turns).

Irreverend the Grappler (Troll Fighter)             Turns: 7484, Time: 00:10:57

HP:   -5/100 (102)  AC:  8    Str: 26    XL:     10   Next: 90%
MP:   9/9           EV: 10    Int:  8    God:    Wu Jian [*.....]
Gold: 353           SH:  0    Dex:  9    Spells: 9/9 levels left

rFire   . .          .
                       - Unarmed
rCold   . . .        b - +0 kite shield
rNeg    . . .        y - +0 robe {Will+}
rPois   .            (helmet restricted)
rElec   .            (no cloak)
rCorr   .            (gloves unavailable)
SInv    .            (boots unavailable)
Will    +....        j - amulet of regeneration
Stlth   +            p - +4 ring of protection
HPRegen 1.96/turn    (no ring)
MPRegen 0.11/turn

%: no passive effects
@: confused, ambrosia-drunk, marked, lightly drained
A: large, unfitting armour, claws 3, regeneration 1, shaggy fur 1, tough skin 1
a: Renounce Religion


You were on level 10 of the Dungeon.
You worshipped Wu Jian.
Wu Jian was aware of your devotion.
You visited 2 branches of the dungeon, and saw 11 of its levels.
You also visited: Sewer.

You collected 434 gold pieces.
You spent 81 gold pieces at shops.

Inventory:

Armour
 a - a +0 robe
 b - a +0 kite shield (worn)
 y - a +0 robe of willpower (worn)
Jewellery
 j - an amulet of regeneration (around neck)
 p - a +4 ring of protection (left claw)
 w - an amulet of faith
 H - a ring of fire
 K - an amulet of guardian spirit
Wands
 r - a wand of flame (16)
 x - a wand of roots (4)
 N - a wand of digging (8)
Scrolls
 c - 2 scrolls of enchant armour {unknown}
 f - a scroll of amnesia {unknown}
 g - a scroll of poison {unknown}
 h - 3 scrolls of fear {unknown}
 i - a scroll of butterflies {unknown}
 k - 2 scrolls of vulnerability {unknown}
 m - 2 scrolls of identify
 o - 2 scrolls of blinking {unknown}
 q - a scroll of brand weapon {unknown}
 s - 4 scrolls of teleportation {unknown}
 A - a scroll of magic mapping {unknown}
 C - 2 scrolls of fog {unknown}
 E - a scroll of enchant weapon {unknown}
 F - 3 scrolls of noise {unknown}
 I - a scroll of torment {unknown}
 M - a scroll of silence {unknown}
Potions
 d - 5 potions of haste {unknown}
 e - 2 potions of degeneration
 l - 2 potions of ambrosia
 n - 3 potions of lignification {unknown}
 t - a potion of resistance
 u - 3 potions of heal wounds {unknown}
 v - a potion of mutation
 z - a potion of attraction
 B - 3 potions of brilliance
 D - a potion of flight
 G - a potion of cancellation
 L - a potion of invisibility {unknown}


   Skills:
 + Level 7.1 Fighting
 + Level 5.2 Dodging
 + Level 7.8 Shields
 * Level 11.4 Unarmed Combat


You had 9 spell levels left.
You didn't know any spells.
Your spell library contained the following spells:

 Spells                   Type           Power      Damage    Failure   Level
 Kiss of Death            Conj/Necr      0%         2d5       61%         1
 Magic Dart               Conj           0%         1d3       61%         1
 Call Imp                 Summ           0%         N/A       75%         2
 Cigotuvi's Dreadful Rot  Necr/Pois/Air  0%         N/A       75%         2
 Lesser Beckoning         Tloc           0%         N/A       75%         2
 Confusing Touch          Hex            0%         N/A       93%         3
 Gell's Gravitas          Tloc           0%         N/A       93%         3
 Ignite Poison            Fire/Tmut/Pois 0%         N/A       93%         3
 Mephitic Cloud           Conj/Pois/Air  0%         N/A       93%         3
 Teleport Other           Tloc           0%         N/A       93%         3
 Dispel Undead            Necr           0%         3d6       100%        4
 Freezing Cloud           Conj/Ice/Air   0%         6-21      100%        5


Dungeon Overview and Level Annotations

Branches:
Dungeon (10/15)            Temple (1/1) D:6            Lair (0/5) D:9
  Sewer (visited)
    Orc: D:9-12

Altars:
Ashenzari
Cheibriados
Dithmenos
Fedhas
Gozag
Hepliaklqana
Kikubaaqudgha
Makhleb
Nemelex Xobeh
Okawaru
Qazlal
Sif Muna
Trog
Uskayaw
Vehumet
Wu Jian
Xom
Yredelemnul
Zin
The Shining One

Shops:
D:5 [

Annotations:
D:3 1 runed translucent door, Crazy Yiuf


Innate Abilities, Weirdness & Mutations

You are too large for most types of armour.
You have claws for hands.
Your natural rate of healing is unusually fast.
You are covered in fur. (AC +1)
You have tough skin. (AC +1)


Message History

You mangle the wight!!
You destroy the wight!
The Council accepts your kill. The wyvern bites you!
* * * LOW HITPOINT WARNING * * *
A wight comes into view. It is wielding a +3 battleaxe.
You block the wyvern's attack.
You mangle the wight!!
You destroy the wight!
The Council accepts your kill. The wyvern bites you.
* * * LOW HITPOINT WARNING * * *
A wight comes into view. It is wielding a +0 mace.
The wight barely misses you.
Items here: $ )) [[.
You scratch the wight.
The wight is lightly damaged.
The wyvern completely misses you. The wight hits you with a +0 mace.
* * * LOW HITPOINT WARNING * * *
You feel drained.
The wyvern bites you but does no damage.
You spin and attack the wight repeatedly.
You scratch the wight.
The wight is heavily damaged.
You claw the wight!
You destroy the wight!
The Council accepts your kill.
You are confused.
You feel invigorated. The wyvern barely misses you.
The wyvern closely misses you.
You closely miss the wyvern. The wyvern bites you!
* * * LOW HITPOINT WARNING * * *
The wyvern bites you.
* * * LOW HITPOINT WARNING * * *
You closely miss the wyvern.
The wyvern is heavily wounded.
The wyvern barely misses you. The wyvern bites you!
* * * LOW HITPOINT WARNING * * *
The wyvern bites you!
You die...

#...#.............###
#...#................
########...#................
$..........#.............#
...........#.............#
...........#.......####..#
...######)##.......# #..###
#..##)#l.......# #...).
#..##yl@.......# #..)))
##..####........####..###
######......)..............#
........)<)................#
.#####..###########.....#####
#### #..# #.....# #.. ≈≈≈##
#[.# ####.....###.. ≈.≈≈##
#..# #...........## ♣.♣≈≈###
#..# ##...........##


You could see a hornet and 2 wyverns.

Vanquished Creatures
  Erica (D:8)
  A two-headed ogre (D:10)
  An ugly thing (D:10)
  A komodo dragon (D:9)
  Psyche (D:8)
  8 yaks (D:9)
  2 vampires
  A wyvern (D:10)
  4 steam dragons
  A water moccasin (D:9)
  2 ice beasts
  An orc warrior (D:7)
  An ogre (D:5)
  3 centaurs
  3 phantoms
  5 kobold brigands
  3 bullfrogs
  2 scorpions (D:5)
  A gnoll sergeant (D:10)
  3 wights (D:10)
  4 howler monkeys
  A gnoll bouda (D:9)
  5 jellies
  3 hounds
  An iron imp (D:10)
  Jessica (D:3)
  Ijyb (D:4)
  2 iguanas
  10 orc wizards
  4 sleepcaps
  Terence (D:3)
  13 gnolls
  3 river rats (Sewer)
  14 adders
  A shadow imp (D:6)
  An ufetubus (D:5)
  7 worms
  A dart slug (D:1)
  28 orcs
  11 ball pythons
  4 bats
  8 endoplasms
  2 giant cockroaches
  5 goblins
  4 hobgoblins
  12 kobolds
  A quokka (D:1)
  A frilled lizard (D:1)
  12 rats
206 creatures vanquished.

Notes
Turn   | Place    | Note
-------+----------+-------------------------------------------
     0 | D:1      | Irreverend the Troll Fighter began the quest for the Orb.
     0 | D:1      | Reached XP level 1. HP: 22/22 MP: 0/0
   150 | D:1      | Found a faded altar of an unknown god.
   165 | D:1      | Reached XP level 2. HP: 29/29 MP: 1/1
   831 | D:2      | Reached XP level 3. HP: 35/36 MP: 2/2
   837 | D:2      | Found a bloodstained altar of Trog.
   905 | D:2      | You fall into a shaft and drop 2 floors!
   962 | D:3      | Found a hide-covered altar of Uskayaw.
  1368 | D:3      | Noticed Jessica
  1371 | D:3      | Killed Jessica
  1372 | D:3      | Reached skill level 3 in Unarmed Combat
  1374 | D:3      | Reached XP level 4. HP: 44/44 MP: 3/3
  1442 | D:3      | Found a runed translucent door.
  1443 | D:3      | Noticed Crazy Yiuf
  1576 | D:3      | Noticed Terence
  1589 | D:3      | Killed Terence
  1868 | D:4      | Reached skill level 4 in Unarmed Combat
  1868 | D:4      | Reached XP level 5. HP: 46/53 MP: 4/4
  1994 | D:4      | Noticed Ijyb
  2000 | D:4      | Killed Ijyb
  2376 | D:4      | Reached XP level 6. HP: 61/61 MP: 5/5
  2385 | D:4      | Found a hazy altar of Hepliaklqana.
  2429 | D:5      | Entered Level 5 of the Dungeon
  2429 | D:5      | Found Riokuo's Antique Armour Boutique.
  2445 | D:5      | Bought a glowing robe for 81 gold pieces
  2495 | D:5      | Found a glowing drain.
  2499 | D:5      | Reached skill level 5 in Unarmed Combat
  2517 | Sewer    | Entered a sewer
  2943 | Sewer    | Reached XP level 7. HP: 62/68 MP: 6/6
  3042 | Sewer    | Reached skill level 6 in Unarmed Combat
  3197 | D:5      | Noticed a steam dragon
  3200 | D:5      | Noticed a steam dragon
  3208 | D:5      | Killed a steam dragon
  3215 | D:5      | Killed a steam dragon
  3216 | D:5      | Reached skill level 5 in Shields
  3216 | D:5      | Reached skill level 7 in Unarmed Combat
  3216 | D:5      | Reached XP level 8. HP: 15/79 MP: 7/7
  3419 | D:5      | Reached skill level 5 in Fighting
  3906 | D:6      | Reached skill level 8 in Unarmed Combat
  4689 | D:6      | Found a staircase to the Ecumenical Temple.
  4700 | Temple   | Entered the Ecumenical Temple
  5166 | D:7      | Reached XP level 9. HP: 70/88 MP: 8/8
  5372 | D:7      | Reached skill level 9 in Unarmed Combat
  5502 | D:7      | Found a basalt altar of Yredelemnul.
  5652 | D:8      | Found an ancient bone altar of Kikubaaqudgha.
  5700 | D:8      | Found a blossoming altar of Fedhas.
  6074 | D:8      | Noticed Erica
  6083 | D:8      | Killed Erica
  6166 | D:8      | Noticed Psyche
  6179 | D:8      | Killed Psyche
  6180 | D:8      | Reached skill level 10 in Unarmed Combat
  6236 | D:8      | Found an ornate altar of the Wu Jian Council.
  6359 | D:8      | Became a worshipper of the Wu Jian Council
  6462 | D:9      | Noticed a komodo dragon
  6468 | D:9      | Killed a komodo dragon
  6469 | D:9      | Reached XP level 10. HP: 76/98 MP: 9/9
  6790 | D:9      | Found a staircase to the Lair.
  6836 | D:9      | Reached * piety under Wu Jian
  7006 | D:9      | Found an iron altar of Okawaru.
  7017 | D:9      | Found a glowing golden altar of the Shining One.
  7017 | D:9      | Found a shimmering altar of Xom.
  7098 | D:10     | Entered Level 10 of the Dungeon
  7100 | D:10     | Noticed a red ugly thing
  7111 | D:10     | Killed a red ugly thing
  7112 | D:10     | Reached skill level 11 in Unarmed Combat
  7333 | D:10     | Found a snail-covered altar of Cheibriados.
  7424 | D:10     | Noticed a two-headed ogre
  7431 | D:10     | Killed a two-headed ogre
  7432 | D:10     | Reached skill level 5 in Dodging
  7483 | D:10     | HP: 5/100 [wyvern (6)]
  7484 | D:10     | Slain by a wyvern

Illustrated notes

Levels and vault maps discovered:
D:1:      elethiomel_arrival_quiet, layout_basic, basic_ecumenical_altar
D:2:      layout_basic, basic_altar, nicolae_concentric_dashed_squares_mild
D:3:      wad_pebble_path, layout_basic, mainiacjoe_overflow_six_doors_small,
          uniq_crazy_yiuf_cottage, uniq_jessica, uniq_terence
D:4:      layout_cave_pools, marbit_many_paths, minmay_misc_feat_columns,
          grunt_decor_mini_mirrors, uniq_ijyb
D:5:      kennysheep_steamy, layout_basic, cheibrodos_sewer_entry_drain,
          grunt_ministairs_15, nicolae_stop_n_shop_2
D:6:      mumra_celtic_spiral_tile, layout_loops_cross, temple_green,
          nicolae_half_adder
D:7:      lemuel_ice_spiral_2, layout_rooms, mainiacjoe_overflow_alcove_4
D:8:      layout_basic, mainiacjoe_overflow_catwalk,
          nicolae_ru_the_path_less_chosen, lemuel_crystal_altar,
          general_overflow_altar, uniq_erica, uniq_psyche
D:9:      layout_roguey, okawaru_trees_1, gammafunk_temple_overflow_statue,
          lair_entry_dummy
D:10:     kennysheep_blocky_hall, layout_small_grid,
          mainiacjoe_overflow_alcove_1, slow_altar_1, kennysheep_small_circle
Temple:   chequers_temple_sunken

Skill      XL: |  1  2  3  4  5  6  7  8  9 10 |
---------------+-------------------------------+-----
Shields        | 3 4 5 6 7 |  7.8
Unarmed Combat | 3 4 5 7 8 10 11 | 11.4
Fighting       | 3 4 5 6 7 |  7.1
Dodging        | 4 5 |  5.2

Action                     |  1- 3 |  4- 6 |  7- 9 | 10-12 || total
---------------------------+-------+-------+-------+-------++-------
  Melee: Unarmed           |    62 |   167 |   318 |   148 ||   695
Ability: Lunge             |       |       |       |     9 ||     9
         Whirlwind         |       |       |       |     2 ||     2
    Use: Potion            |       |       |     3 |     2 ||     5
         Scroll            |       |       |     8 |       ||     8
   Stab: Sleeping          |       |       |     1 |     1 ||     2
 Armour: Robe              |    24 |    41 |   105 |    24 ||   194
  Dodge: Dodged            |    11 |    56 |   100 |    47 ||   214
  Block: Kite shield       |    20 |    48 |   124 |    63 ||   255
